cohdb
Replays
Latest Replays
All Replays
Popular Replays
Top Player Replays
Match Explorer
How It Works
Community
CoH3 Stats
Reddit
Sign in to upload your games and track your stats! →
Sign in with Steam
Match 45945367
Unlisted
Match 45945367
Overview
Messages
Build Orders
End
Construct Barracks
Selects Airborne Battlegroup
Selects Heavy Machine Gun Paradrop
Heavy Machine Gun Paradrop
Heavy Machine Gun Paradrop
Construct Weapon Support Center
Air Support Center
Heavy Machine Gun Paradrop
Selects Paratrooper Squad Paradrop
Paratrooper Squad Paradrop
P-47 Dive Bomb
Heavy Machine Gun Paradrop
Construct Motor Pool
M8 Greyhound Armored Car
P-47 Dive Bomb
M24 Chaffee Light Tank
Selects Recon Loiter
Selects Anti-tank Gun Team Paradrop
M3 Armored Personnel Carrier
P-47 Dive Bomb
Engineer Squad
Construct Tank Depot
P-47 Strafing Run
Anti-tank Gun Team Paradrop
Recon Loiter
P-47 Dive Bomb
M4A1 Sherman Medium Tank
Recon Loiter
P-47 Strafing Run
M4(105) Sherman Bulldozer
SAS
Malerenthius
carotin3
CPU - VERY EASY
Edasek
Brico29
Seen Bean
laden336
0
0
Comments
sign in to comment!
No comments posted yet!